 Dungeon Crawl Stone Soup version 0.22-a0-126-g307c7c3 (webtiles) character file.

35434 mhoghedin the Fighter (level 13, -1/119 HPs)
             Began as a Ghoul Monk on Jan 30, 2018.
             Was an Elder of Yredelemnul.
             Slain by a redback (10 damage)
             ... on level 1 of the Spider Nest.
             The game lasted 00:42:07 (17673 turns).

mhoghedin the Fighter (Ghoul Monk)                 Turns: 17673, Time: 00:42:08

Health: -1/119     AC: 15    Str: 25      XL:     13   Next: 83%
Magic:  19/19      EV: 15    Int:  8 (9)  God:    Yredelemnul [****..]
Gold:   879        SH:  0    Dex: 11      Spells: 12/12 levels left

rFire    + + .     SeeInvis +   E - +7 lajatang "Pinetatu" {elec, Str+5}
rCold    . . .     Gourm    .   (shield currently unavailable)
rNeg     + + +     Faith    .   I - +0 fire dragon scales
rPois    ∞         Spirit   .   H - +2 hat {SInv}
rElec    .         Reflect  .   (no cloak)
rCorr    .         Harm     .   F - +0 pair of gloves
MR       .....                  f - +0 pair of boots
Stlth    ..........             R - amulet of inaccuracy
HPRegen  0.00/turn              O - ring of Inannet {+Inv Int+4 Stlth-}
MPRegen  0.16/turn              L - ring of stealth {Stlth+}

@: rotting
A: rotting body, claws 1, carnivore, cold resistance 1, negative energy
resistance 3, inhibited regeneration, torment resistance, unbreathing
a: Recall Undead Slaves, Injury Mirror, Animate Dead, Drain Life, Renounce
Religion, Evoke Invisibility


You were on level 1 of the Spider Nest.
You worshipped Yredelemnul.
Yredelemnul was greatly pleased with you.
You were not hungry.

You visited 4 branches of the dungeon, and saw 18 of its levels.

You collected 879 gold pieces.

Inventory:

Hand Weapons
 E - the +7 lajatang "Pinetatu" (weapon) {elec, Str+5}
   (You found it on level 10 of the Dungeon)

   Occasionally, upon striking a foe, it will discharge some electrical energy
   and cause terrible harm.
   It affects your strength (+5).
Missiles
 a - a throwing net {=f, !d}
Armour
 f - a +0 pair of boots (worn)
   (You found it on level 2 of the Dungeon)
 x - the cursed +0 robe "Kyh Uci" {rPois MR+++ Str-5 Dex+3}
   (You found it on level 5 of the Dungeon)

   It affects your strength (-5).
   It affects your dexterity (+3).
   It protects you from poison.
   It affects your resistance to hostile enchantments.
   It has a curse placed upon it.
 F - a +0 pair of gloves (worn)
   (You found it on level 2 of the Lair of Beasts)
 H - a +2 hat of see invisible (worn)
   (You took it off Gastronok on level 10 of the Dungeon)
 I - +0 fire dragon scales (worn)
   (You found it on level 6 of the Lair of Beasts)
Jewellery
 v - an uncursed ring of flight {+Fly, !d}
   (You found it on level 8 of the Dungeon)
 L - a ring of stealth (right hand) {Stlth+}
   (You found it on level 4 of the Lair of Beasts)
 O - the ring of Inannet (left hand) {+Inv Int+4 Stlth-}
   (You found it on level 6 of the Lair of Beasts)

   [ring of loudness]

   It affects your intelligence (+4).
   It lets you turn invisible.
   It makes you less stealthy.
 R - an amulet of inaccuracy (around neck)
   (You found it on level 1 of the Shoals)
Wands
 p - a wand of paralysis (15)
   (You took it off Ijyb on level 3 of the Dungeon)
 r - a wand of flame (4)
   (You took it off an orc on level 7 of the Dungeon)
 u - a wand of enslavement (9)
   (You found it on level 1 of the Lair of Beasts)
 y - a wand of random effects (65)
   (You found it on level 8 of the Dungeon)
 J - a wand of polymorph (10)
   (You found it on level 3 of the Lair of Beasts)
 M - a wand of digging (18)
   (You found it on level 6 of the Lair of Beasts)
Scrolls
 c - 15 scrolls of teleportation
 d - 4 scrolls of enchant weapon
 i - 5 scrolls of fog
 j - a scroll of immolation {!r}
 k - a scroll of magic mapping {!r}
 m - 7 scrolls of remove curse
 o - 4 scrolls of amnesia
 q - 4 scrolls of enchant armour
 s - 4 scrolls of blinking {!r}
 z - a scroll of torment
 B - 4 scrolls of identify
 K - a scroll of noise {unknown}
Potions
 e - 3 potions of flight
 g - 10 potions of curing
 h - 3 potions of degeneration {!q}
 l - a potion of might
 n - 4 potions of agility
 t - 2 potions of haste
 w - 2 potions of mutation
 A - 2 potions of brilliance
 C - a potion of cancellation
 D - 2 potions of heal wounds
Books
 P - a book of Cantrips
   (You found it on level 6 of the Lair of Beasts)
Comestibles
 b - 26 rations
 Q - 2 chunks of flesh {@w0}


   Skills:
 + Level 12.8 Fighting
 + Level 6.8 Staves
 + Level 6.7 Armour
 + Level 10.9 Dodging
 - Level 2.1 Stealth
 - Level 10.2 Unarmed Combat
 - Level 9.8 Invocations
 + Level 3.6 Evocations


You had 12 spell levels left.
You didn't know any spells.

Dungeon Overview and Level Annotations

Branches:
Dungeon (10/15)            Temple (0/1) D:7            Lair (6/6) D:10
 Shoals (1/4) Lair:4       Spider (1/4) Lair:4        Slime (0/5) Lair:6
    Orc (0/2) D:10

Altars:
Cheibriados
Elyvilon
Fedhas
Gozag
Hepliaklqana
Kikubaaqudgha
Trog
Vehumet
Yredelemnul

Shops:
D:6 }   D:10 (


Innate Abilities, Weirdness & Mutations

Your body is rotting away.
You thrive on raw meat.
You are immune to poison.
You have sharp fingernails.
You are carnivorous and can eat meat at any time.
Your flesh is cold resistant. (rC+)
You are immune to negative energy. (rN+++)
You do not regenerate when monsters are visible.
You are immune to unholy pain and torment.
You can survive without breathing.


Message History

Oops, that amulet feels deathly cold.
R - a cursed amulet of inaccuracy (around neck)
As you read the scroll of teleportation, it crumbles to dust.
You feel strangely unstable.
As you read the scroll of remove curse, it crumbles to dust.
You feel as if something is helping you.
Drop what? 44/52 slots (_ for help) (? for menu, Esc to quit)
You drop a +0 plate armour.
You drop a +2 ring mail of fire resistance.
You stop dropping stuff.
Your surroundings seem slightly different.
Splash!
Unknown command.
(D) Dungeon (T) Temple (L) Lair (A) Shoals (N) Spider Nest (M) Slime Pits (O) Orcish Mines
Where to? (Enter - Shoals:1, ? - help)
What level of the Spider Nest? (default 1, ? - help)
You enter the shallow water.
Moving in this stuff is going to be slow.
There is a staircase back to the Lair here.
You climb upwards.
Welcome back to the Lair of Beasts!
There is a staircase to the Shoals here.
You see here a leather armour.
You found a web!
You are caught in the web!
You found a web!
There is a web here.
You disentangle yourself.
You found a web!
There is a hole to the Spider Nest here.
You climb downwards.
Welcome to the Spider Nest!
This branch contains the gossamer rune of Zot.
You feel a wave of frost pass over you.
There is an entrance to an ice cave on this level.
Hurry and find it before the portal melts!
A wolf spider, 2 tarantellas and 4 redbacks come into view.
The tarantella hisses angrily. x2; The wolf spider hisses angrily.
You hear an angry hiss.
Found five items.
Found a stone staircase leading down.
There is a crawl-hole back to the Lair here.
Unknown command.
Health restored: 119
Okay, then.
Unknown command.
Unknown command.
A demonic crawler comes into view.
The demonic crawler gives a hideous shriek! 2 jumping spiders come into view.
You see here a ration.
The jumping spider hisses angrily. x2
You slice the demonic crawler!! The redback bites you!
The jumping spider leaps! x2; The demonic crawler hits you.
The demonic crawler completely misses you.
The demonic crawler hits you. The redback bites you.
You take 15 damage, and have 104/119 hp.
The demonic crawler hits you but does no damage.
The demonic crawler hits you.
The demonic crawler hits you but does no damage.
The jumping spider pounces on you! The jumping spider misses you.
The redback closely misses you. The demonic crawler misses you.
The demonic crawler closely misses you.
The demonic crawler hits you but does no damage.
You take 14 damage, and have 90/119 hp.
The jumping spider leaps!
The jumping spider barely misses you. The jumping spider closely misses you.
The demonic crawler hits you but does no damage.
The demonic crawler hits you.
The demonic crawler hits you but does no damage.
The jumping spider leaps!
The jumping spider barely misses you.
The jumping spider bites you but does no damage.
The redback bites you.
A redback comes into view.
You take 5 damage, and have 85/119 hp.
The jumping spider pounces on you.
You are caught in a web!
The jumping spider bites you but does no damage.
You hear a distant blaring wail to the northeast.
There is a web here.
You take 4 damage, and have 81/119 hp.
Unknown command.
Unknown command.
Unknown command.
The web tears apart.
The jumping spider misses you. x2
The demonic crawler hits you but does no damage.
The demonic crawler hits you. The demonic crawler barely misses you.
The redback bites you! The tarantella closely misses you.
The demonic crawler hits you. The demonic crawler misses you.
The demonic crawler completely misses you.
You take 19 damage, and have 62/119 hp.
The tarantella barely misses you. The redback bites you!
You take 9 damage, and have 53/119 hp.
The redback closely misses you.
The jumping spider leaps!
An ice dragon comes into view.
The jumping spider leaps!
The ice dragon breathes frost at you. The blast of cold hits you!
* * * LOW HITPOINT WARNING * * *
The redback bites you!
You die...
Yredelemnul claims you as an undead slave.

## ..... ........# .
..... ...........# D#
#..... ...........# .
#...... ...........#
.#....... ...........#
##........
...........####s........
...........sss.s@.......
...>?.......ss.s........
....<....%..ss..........
...........§............
........................
......$.................
.............§..........
.....)...............^..
.......................


You could see an ice dragon, a demonic crawler, a wolf spider, a jumping spider,
2 tarantellas and 5 redbacks.

Vanquished Creatures
  Rupert (Lair:4)
  Gastronok (D:10)
  Snorg (D:10)
  Erolcha (D:9)
  3 two-headed ogres
  Urug (Lair:3)
  Nergalle (Lair:3)
  A fire crab (Lair:6)
  A sea snake (Shoals:1)
  A necromancer (Lair:2)
  5 black mambas
  7 spiny frogs
  A molten gargoyle (Lair:6)
  A kobold demonologist (D:7)
  A rime drake (Lair:4)
  7 komodo dragons
  2 polar bears (Lair:6)
  5 hippogriffs
  5 blink frogs (Lair:3)
  A snapping turtle (Shoals:1)
  2 redbacks (Lair:4)
  A spriggan (D:7)
  16 yaks
  The ghost of Amnesiac the Cutter, an amateur VSFi (D:4)
  A wyvern (Lair:2)
  5 wraiths
  3 hell hounds (Lair:6)
  11 water moccasins
  8 porcupines
  2 ice beasts
  A sky beast (D:8)
  3 orc warriors (D:10)
  3 black bears
  2 phantoms
  2 necrophages
  3 ogres
  4 wolves (Lair:2)
  9 centaurs
  10 crocodiles
  5 bullfrogs
  4 scorpions
  A wight (D:8)
  2 electric eels
  A howler monkey (D:6)
  4 lava snakes (Lair:6)
  A quasit (D:9)
  A crimson imp (D:6)
  2 human zombies (D:8)
  4 jellies
  A bullfrog zombie (D:3)
  A centaur zombie (D:9)
  5 orc priests
  A centaur skeleton (D:7)
  A hound (D:8)
  2 bullfrog skeletons (D:5)
  Ijyb (D:3)
  2 human skeletons (D:8)
  3 iguanas
  14 orc wizards
  6 worker ants
  6 hell rats (Lair:5)
  4 polar bear simulacra (Lair:2)
  3 yak simulacra (Lair:2)
  A hound skeleton (D:5)
  4 mummies (D:8)
  A howler monkey zombie (D:7)
  2 worker ant zombies
  19 adders
  A gnoll (D:5)
  3 river rats (Lair:5)
  A shadow imp (D:7)
  2 oozes
  An adder zombie (D:3)
  2 adder skeletons
  3 worms (D:3)
  8 leopard geckos
  52 orcs
  3 ball pythons
  4 bats
  7 giant cockroaches
  A hobgoblin (D:3)
  12 jackals
  7 kobolds
  7 quokkas
  7 frilled lizards
  5 goblins
  A jackal zombie (D:5)
  A leopard gecko skeleton (D:5)
  2 quokka zombies
  9 rats
  2 river rat simulacra (Lair:2)
377 creatures vanquished.

Vanquished Creatures (collateral kills)
  A fire dragon (Lair:6)
  3 hydras
  2 oklob plants
  A molten gargoyle (Lair:6)
  3 black mambas
  A spiny frog (Lair:5)
  8 komodo dragons (Lair:6)
  A rime drake (Lair:6)
  A hornet (D:8)
  A hippogriff (Lair:5)
  4 yaks
  A redback (Lair:4)
  2 wyverns
  3 basilisks
  A steam dragon (Lair:6)
  2 hell hounds (Lair:6)
  2 water moccasins
  A black bear (D:8)
  An ice beast (D:6)
  An orc warrior (D:5)
  4 crocodiles (Lair:6)
  A bullfrog (D:9)
  A lava snake (Lair:6)
  An orc priest (D:10)
  An orc wizard (D:8)
  A yak simulacrum (Lair:2)
  A wolf simulacrum (Lair:2)
  4 river rats (Lair:5)
  3 orcs
  3 butterflies
  10 fungi
  3 plants
73 creatures vanquished.

Vanquished Creatures (others)
  A hydra zombie (Lair:6)
  2 flying skulls (D:10)
  A black mamba zombie (Lair:6)
  2 wraiths (Lair:6)
  A vampire (Lair:6)
  A wyvern (Lair:6)
  A spiny frog skeleton (Lair:2)
  3 komodo dragon zombies (Lair:6)
  A rime drake zombie (Lair:6)
  3 hell hound zombies (Lair:6)
  A wyvern zombie (D:8)
  A water moccasin zombie (Lair:4)
  A polar bear zombie (Lair:6)
  2 wights
  A yak skeleton (Lair:2)
  3 wolf zombies (Lair:2)
  3 centaur zombies
  A porcupine zombie (Lair:1)
  2 crocodile zombies
  An ogre zombie (D:8)
  2 mummies
  A howler monkey zombie (D:6)
  A scorpion zombie (D:5)
  An adder zombie (D:8)
  A quokka (D:6)
  An orc skeleton (D:5)
  4 orc zombies
  9 fungi
  11 plants
63 creatures vanquished.

Grand Total: 513 creatures vanquished

Notes
Turn   | Place    | Note
-------+----------+-------------------------------------------
     0 | D:1      | mhoghedin the Ghoul Monk began the quest for the Orb.
     0 | D:1      | Reached XP level 1. HP: 19/19 MP: 0/0
   113 | D:1      | Reached XP level 2. HP: 26/26 MP: 1/1
   275 | D:1      | Reached skill level 3 in Dodging
   658 | D:1      | Reached XP level 3. HP: 31/33 MP: 2/2
   984 | D:2      | Reached skill level 4 in Fighting
   984 | D:2      | Reached skill level 4 in Unarmed Combat
  1009 | D:2      | Reached XP level 4. HP: 36/40 MP: 3/3
  1536 | D:3      | Noticed Ijyb
  1557 | D:3      | Killed Ijyb
  1557 | D:3      | Reached XP level 5. HP: 38/46 MP: 4/4
  1604 | D:3      | Noticed a moth of wrath
  1607 | D:3      | Found a bloodstained altar of Trog.
  1962 | D:4      | Found an opulent altar of Gozag.
  1979 | D:4      | HP: 11/47 [orc wizard/magic dart (10)]
  1992 | D:4      | HP: 9/47 [orc/hand axe (2)]
  2204 | D:4      | HP: 8/47 [something (4)]
  2217 | D:4      | Reached skill level 4 in Dodging
  2217 | D:4      | Reached XP level 6. HP: 14/55 MP: 5/5
  2337 | D:4      | Noticed Amnesiac's ghost (amateur VSFi)
  2349 | D:4      | Killed Amnesiac's ghost
  2349 | D:4      | Reached skill level 5 in Fighting
  2349 | D:4      | Reached skill level 5 in Unarmed Combat
  2668 | D:4      | Reached XP level 7. HP: 27/61 MP: 6/6
  2887 | D:4      | Found a basalt altar of Yredelemnul.
  3083 | D:4      | Found a radiant altar of Vehumet.
  3310 | D:4      | Became a worshipper of Yredelemnul the Dark
  3310 | D:4      | Reached * piety under Yredelemnul
  3310 | D:4      | Reached ** piety under Yredelemnul
  3581 | D:5      | Entered Level 5 of the Dungeon
  3781 | D:5      | Reached skill level 6 in Unarmed Combat
  3798 | D:5      | Reached skill level 6 in Fighting
  3893 | D:5      | Reached skill level 5 in Dodging
  3893 | D:5      | Reached skill level 1 in Invocations
  4154 | D:5      | Reached skill level 2 in Invocations
  4154 | D:5      | Reached XP level 8. HP: 34/70 MP: 5/8
  4160 | D:5      | HP: 15/70 [orc priest/whip (3)]
  4165 | D:5      | HP: 9/71 [quokka (4)]
  4788 | D:5      | Reached skill level 3 in Invocations
  5328 | D:5      | Got a silken robe
  5358 | D:5      | Reached skill level 7 in Unarmed Combat
  5367 | D:5      | Reached skill level 7 in Fighting
  5403 | D:5      | Identified the cursed +0 robe "Kyh Uci" {rPois MR+++ Str-5 Dex+3} (You found it on level 5 of the Dungeon)
  5564 | D:6      | Reached skill level 6 in Dodging
  5583 | D:6      | Reached skill level 4 in Invocations
  5606 | D:6      | Reached XP level 9. HP: 45/79 MP: 11/11
  5908 | D:6      | Found a white marble altar of Elyvilon.
  5964 | D:6      | Found Ynuffug's Gadget Shop.
  6429 | D:7      | Found a staircase to the Ecumenical Temple.
  6554 | D:7      | HP: 20/81 [bullfrog (2)]
  6558 | D:7      | Reached skill level 8 in Fighting
  6558 | D:7      | Reached skill level 8 in Unarmed Combat
  6642 | D:7      | HP: 18/81 [spriggan baker/dagger (10)]
  6751 | D:7      | Reached *** piety under Yredelemnul
  6907 | D:7      | Noticed a kobold demonologist
  6917 | D:7      | Killed a kobold demonologist
  6917 | D:7      | Reached skill level 7 in Dodging
  7283 | D:8      | Noticed a two-headed ogre
  7292 | D:8      | Killed a two-headed ogre
  7292 | D:8      | Reached skill level 9 in Fighting
  7292 | D:8      | Reached skill level 9 in Unarmed Combat
  7292 | D:8      | Reached skill level 2 in Evocations
  7292 | D:8      | Reached XP level 10. HP: 91/91 MP: 12/12
  8067 | D:8      | Found an ancient bone altar of Kikubaaqudgha.
  8089 | D:8      | Reached skill level 3 in Evocations
  8108 | D:8      | Reached **** piety under Yredelemnul
  8108 | D:8      | Reached skill level 8 in Dodging
  8460 | D:9      | Noticed Erolcha
  8469 | D:9      | Killed Erolcha
  8473 | D:9      | Noticed a two-headed ogre
  8502 | D:9      | Killed a two-headed ogre
  8502 | D:9      | Reached skill level 10 in Fighting
  8502 | D:9      | Reached skill level 10 in Unarmed Combat
  8502 | D:9      | Reached skill level 5 in Invocations
  8551 | D:9      | Reached XP level 11. HP: 50/99 MP: 12/14
  8781 | D:9      | Found a hazy altar of Hepliaklqana.
  8881 | D:9      | Found a snail-covered altar of Cheibriados.
  8954 | D:9      | Found a blossoming altar of Fedhas.
  9398 | D:10     | Entered Level 10 of the Dungeon
  9418 | D:10     | Got a faintly glowing lajatang
  9419 | D:10     | Identified the +7 lajatang "Pinetatu" {elec, Str+5} (You found it on level 10 of the Dungeon)
  9450 | D:10     | Noticed a two-headed ogre
  9518 | D:10     | Noticed Snorg
  9529 | D:10     | Killed Snorg
  9529 | D:10     | Reached skill level 1 in Staves
  9529 | D:10     | Reached skill level 1 in Armour
  9600 | D:10     | Found a staircase to the Lair.
  9615 | D:10     | Reached skill level 6 in Invocations
  9643 | D:10     | Received a gift from Yredelemnul (a mummy)
  9651 | D:10     | HP: 25/100 [yak (6)]
  9887 | D:10     | Killed a two-headed ogre
  9887 | D:10     | Reached skill level 2 in Armour
  9887 | D:10     | Reached skill level 9 in Dodging
  9894 | D:10     | Reached skill level 2 in Staves
  9901 | D:10     | Received a gift from Yredelemnul (2 flying skulls)
  9971 | D:10     | Noticed Gastronok
  9998 | D:10     | Killed Gastronok
 10027 | D:10     | Found Oduxox's Antique Weapon Boutique.
 10223 | D:10     | Found a staircase to the Orcish Mines.
 10266 | Lair:1   | Entered Level 1 of the Lair of Beasts
 10475 | Lair:1   | Reached skill level 3 in Staves
 10475 | Lair:1   | Reached skill level 3 in Armour
 10475 | Lair:1   | Reached skill level 7 in Invocations
 10475 | Lair:1   | Received a gift from Yredelemnul (a mummy)
 10527 | Lair:1   | Reached skill level 11 in Fighting
 11290 | Lair:2   | Noticed a six-headed hydra
 11421 | Lair:1   | Killed a six-headed hydra
 11421 | Lair:1   | Reached XP level 12. HP: 47/110 MP: 9/16
 11538 | Lair:2   | Received a gift from Yredelemnul (a wight)
 11715 | Lair:2   | Reached skill level 4 in Armour
 11756 | Lair:2   | Reached skill level 4 in Staves
 11759 | Lair:2   | Reached ***** piety under Yredelemnul
 12361 | Lair:2   | Noticed a six-headed hydra
 12424 | Lair:2   | HP: 24/109 [six-headed hydra (6)]
 12890 | Lair:3   | Reached skill level 8 in Invocations
 13165 | Lair:3   | Noticed Urug
 13190 | Lair:3   | Killed Urug
 13303 | Lair:3   | Noticed Nergalle
 13313 | Lair:3   | Killed Nergalle
 13358 | Lair:3   | Reached skill level 10 in Dodging
 13741 | Lair:4   | Noticed Rupert
 13748 | Lair:4   | Paralysed by Rupert for 3 turns
 13805 | Lair:4   | Found a staircase to the Shoals.
 13968 | Lair:4   | Reached skill level 5 in Staves
 14005 | Lair:4   | Found a hole to the Spider Nest.
 14046 | Lair:4   | Reached skill level 5 in Armour
 14228 | Lair:4   | Killed Rupert
 14228 | Lair:4   | Reached skill level 12 in Fighting
 14331 | Lair:4   | Reached XP level 13. HP: 97/118 MP: 18/18
 14640 | Lair:5   | Reached skill level 9 in Invocations
 14693 | Lair:5   | HP: 28/118 [black mamba (12)]
 14708 | Lair:5   | HP: 25/118 [hell rat (8)]
 14711 | Lair:5   | HP: 9/118 [hell rat (9)]
 15064 | Lair:5   | Received a gift from Yredelemnul (a vampire)
 15784 | Lair:6   | Entered Level 6 of the Lair of Beasts
 15794 | Lair:6   | Received a gift from Yredelemnul (a wight)
 15898 | Lair:6   | Reached skill level 6 in Staves
 15943 | Lair:6   | Reached skill level 6 in Armour
 16063 | Lair:6   | Received a gift from Yredelemnul (a wraith)
 16078 | Lair:6   | HP: 22/118 [komodo dragon (17)]
 16111 | Lair:6   | Found a large runed door.
 16111 | Lair:6   | Noticed a fire dragon
 16112 | Lair:6   | Found a large runed door.
 16158 | Lair:6   | Received a gift from Yredelemnul (a wraith)
 16210 | Lair:6   | HP: 25/118 [lava snake/glob of lava (15)]
 16574 | Lair:6   | Killed a fire dragon
 16601 | Lair:6   | Got a steaming granite ring
 16603 | Lair:6   | Identified the ring of Inannet {+Inv Int+4 Stlth-} (You found it on level 6 of the Lair of Beasts)
 16980 | Lair:6   | Found a staircase to the Slime Pits.
 17538 | Shoals:1 | Entered Level 1 of the Shoals
 17659 | Spider:1 | Entered Level 1 of the Spider Nest
 17673 | Spider:1 | Noticed an ice dragon
 17673 | Spider:1 | HP: 9/119 [ice dragon/blast of cold (44)]
 17673 | Spider:1 | Slain by a redback

Vault maps used:
D:1:      onia_arrival_mini_maze_b, nrook_mini_vaults, minmay_tromino_v4_c
D:3:      tgw_trog, first_ration, uniq_ijyb
D:4:      lemuel_crystal_altar, yredelemnul_altar_generic, lemuel_doored_altar
D:5:      kennysheep_windowed_halls, kennysheep_nondescript
D:6:      elyvilon_altar_4, serial_shops, nicolae_shop_behind_doors
D:7:      minmay_temple_entry_statues_pillars, the_bakery, minmay_fountain_box
D:8:      lemuel_mausoleum_altar_kikubaaqudgha
D:9:      nicolae_overflow_hidden_temple, marbit_many_paths, lemuel_tele_altar,
          uniq_erolcha
D:10:     due_lair_maze_entry_diamond, erik_orc_2, serial_shops, shop_fountains,
          uniq_snorg, uniq_gastronok
Lair:2:   statuecave_lemuel, eino_house_with_fridge
Lair:3:   infiniplex_staircase_pool, uniq_nergalle, uniq_urug
Lair:4:   minmay_shoals_entry_centaurs, spider_nest_entry_webs, minmay_holes,
          lemuel_fruit_fields, uniq_rupert
Lair:5:   kennysheep_rathole, infiniplex_staircase_pool_2, lemuel_fruit_fields
Lair:6:   cheibrodos_lair_end_hotspot, minmay_slime_entry_oklob_enclosed,
          grunt_forest_small_clearings, st_stairs_11
Shoals:1: serial_shops, shop_fountains, uniq_josephine
Spider:1: portal_ice_cave_entry_dragon

Skill      XL: |  1  2  3  4  5  6  7  8  9 10 11 12 13 |
---------------+----------------------------------------+-----
Dodging        | 3 4 5 6 7 8 9 10 | 10.9
Fighting       | 4 5 6 7 9 10 11 12 | 12.8
Unarmed Combat | 4 5 6 7 9 10 | 10.2
Invocations    | 2 4 5 7 8 9 |  9.8
Evocations     | 2 3 |  3.6
Staves         | 3 5 6 |  6.8
Armour         | 3 5 6 |  6.7
Stealth        | |  2.1

Action                   |  1- 3 |  4- 6 |  7- 9 | 10-12 | 13-15 || total
-------------------------+-------+-------+-------+-------+-------++-------
Melee: Unarmed           |    74 |   172 |   415 |   191 |       ||   852
       Punch             |     2 |     2 |    12 |     8 |       ||    24
       Lajatang          |       |       |       |   284 |   194 ||   478
Invok: Animate Remains   |       |       |     8 |       |       ||     8
       Injury Mirror     |       |       |     1 |     1 |       ||     2
       Recall Undead Sla |       |       |     1 |     1 |       ||     2
       Animate Dead      |       |       |       |    13 |    12 ||    25
       Drain Life        |       |       |       |     6 |     5 ||    11
Evoke: Wand              |       |     2 |     5 |    33 |     7 ||    47
  Use: Scroll            |     4 |       |    13 |     9 |     2 ||    28
       Potion            |       |     7 |     3 |     2 |     2 ||    14
 Stab: Sleeping          |     6 |     2 |     7 |     6 |       ||    21
       Paralysed         |       |     3 |    10 |    25 |       ||    38
       Distracted        |       |       |     1 |     1 |       ||     2
  Eat: Chunk             |     4 |     9 |    23 |    44 |    23 ||   103
       Ration            |       |       |     1 |     1 |     5 ||     7
Armor: Robe              |    16 |    63 |    75 |    34 |       ||   188
       Plate armour      |       |       |       |   190 |   107 ||   297
       Fire dragon scale |       |       |       |       |    23 ||    23
Dodge: Dodged            |    54 |   122 |   261 |   286 |   156 ||   879

Table legend:
 A = Spawn XP
 B = Non-spawn XP
 C = Spawn XP percentage of total XP
 D = Spawn monster count
 E = Non-spawn monster count
 F = Spawn count percentage of total count
 G = Total turns spent on level
                    A         B        C        D         E        F      G
               +---------+---------+-------+---------+---------+-------+---------
         Total |       0 |   50620 |   0.0 |       0 |     435 |   0.0 | 17673
               +---------+---------+-------+---------+---------+-------+---------
           D:1 |       0 |      36 |   0.0 |       0 |      19 |   0.0 |   739
           D:2 |       0 |      59 |   0.0 |       0 |      15 |   0.0 |   645
           D:3 |       0 |     146 |   0.0 |       0 |      27 |   0.0 |   763
           D:4 |       0 |     575 |   0.0 |       0 |      19 |   0.0 |  1434
           D:5 |       0 |    1176 |   0.0 |       0 |      38 |   0.0 |  1928
           D:6 |       0 |     669 |   0.0 |       0 |      23 |   0.0 |   803
           D:7 |       0 |    1398 |   0.0 |       0 |      24 |   0.0 |   774
           D:8 |       0 |    3059 |   0.0 |       0 |      42 |   0.0 |  1311
           D:9 |       0 |    2820 |   0.0 |       0 |      21 |   0.0 |  1001
          D:10 |       0 |    5502 |   0.0 |       0 |      40 |   0.0 |   868
        Lair:1 |       0 |    3376 |   0.0 |       0 |      18 |   0.0 |  1310
        Lair:2 |       0 |    3903 |   0.0 |       0 |      29 |   0.0 |  1257
        Lair:3 |       0 |    4102 |   0.0 |       0 |      16 |   0.0 |   930
        Lair:4 |       0 |    6070 |   0.0 |       0 |      17 |   0.0 |   923
        Lair:5 |       0 |    3135 |   0.0 |       0 |      26 |   0.0 |  1185
        Lair:6 |       0 |   13174 |   0.0 |       0 |      57 |   0.0 |  1706
      Shoals:1 |       0 |    1420 |   0.0 |       0 |       4 |   0.0 |    82
               +---------+---------+-------+---------+---------+-------+---------

Vault maps used:
D:1:      onia_arrival_mini_maze_b, nrook_mini_vaults, minmay_tromino_v4_c
D:3:      tgw_trog, first_ration, uniq_ijyb
D:4:      lemuel_crystal_altar, yredelemnul_altar_generic, lemuel_doored_altar
D:5:      kennysheep_windowed_halls, kennysheep_nondescript
D:6:      elyvilon_altar_4, serial_shops, nicolae_shop_behind_doors
D:7:      minmay_temple_entry_statues_pillars, the_bakery, minmay_fountain_box
D:8:      lemuel_mausoleum_altar_kikubaaqudgha
D:9:      nicolae_overflow_hidden_temple, marbit_many_paths, lemuel_tele_altar,
          uniq_erolcha
D:10:     due_lair_maze_entry_diamond, erik_orc_2, serial_shops, shop_fountains,
          uniq_snorg, uniq_gastronok
Lair:2:   statuecave_lemuel, eino_house_with_fridge
Lair:3:   infiniplex_staircase_pool, uniq_nergalle, uniq_urug
Lair:4:   minmay_shoals_entry_centaurs, spider_nest_entry_webs, minmay_holes,
          lemuel_fruit_fields, uniq_rupert
Lair:5:   kennysheep_rathole, infiniplex_staircase_pool_2, lemuel_fruit_fields
Lair:6:   cheibrodos_lair_end_hotspot, minmay_slime_entry_oklob_enclosed,
          grunt_forest_small_clearings, st_stairs_11
Shoals:1: serial_shops, shop_fountains, uniq_josephine
Spider:1: portal_ice_cave_entry_dragon

Table legend:
 A = Turns spent in this place as a percentage of turns spent in the entire game.
 B = Non-inter-level travel turns spent in this place as a percentage of non-inter-level travel turns spent in the entire game.
 C = Inter-level travel turns spent in this place as a percentage of turns spent in this place.
 D = Turns resting spent in this place as a percentage of non-inter-level travel turns spent in this place.
 E = Turns spent auto-exploring this place as a percentage of non-inter-level travel turns spent in this place.
 F = Non-inter-level travel turns spent in this place divided by the number of levels of this place that you've seen.
                   A       B       C       D       E      F
               +-------+-------+-------+-------+-------+----------------------
         Total | 100.0 | 100.0 |   4.1 |  25.1 |  52.7 | 941.5
       Dungeon |  58.1 |  58.1 |   4.1 |  23.1 |  52.5 | 984.0
          Lair |  41.4 |  41.5 |   3.9 |  28.1 |  53.3 | 1171.3
        Shoals |   0.5 |   0.4 |  20.7 |   0.0 |  20.0 |  65.0
   Spider Nest |   0.1 |   0.1 |   0.0 |   0.0 |   0.0 |  14.0
               +-------+-------+-------+-------+-------+----------------------

Table legend:
 A = Kills in this place as a percentage of kills in entire the game.
 B = Kills by you in this place as a percentage of kills by you in the entire game.
 C = Kills by friends in this place as a percentage of kills by friends in the entire game.
 D = Other kills in this place as a percentage of other kills in the entire game.
 E = Experience gained in this place as a percentage of experience gained in the entire game.
 F = Experience gained in this place divided by the number of levels of this place that you have seen.
                   A       B       C       D       E      F
               +-------+-------+-------+-------+-------+----------------------
         Total | 100.0 | 100.0 | 100.0 | 100.0 | 100.0 | 2812.2
       Dungeon |  61.6 |  68.2 |  19.3 |   0.0 |  30.5 | 1544.0
          Lair |  37.5 |  30.8 |  80.7 | 100.0 |  66.7 | 5626.7
        Shoals |   0.9 |   1.1 |   0.0 |   0.0 |   2.8 | 1420.0
               +-------+-------+-------+-------+-------+----------------------
